 Dungeon Crawl Stone Soup version 0.23-b1-6-ga921848 (webtiles) character file.

Game seed: 2433502670724873955

50 dvd the Covered (level 3, -2/33 HPs)
             Began as a Minotaur Fighter on Feb 1, 2019.
             Slain by a gnoll
             ... wielding a +0 flail
              (12 damage)
             ... on level 2 of the Dungeon.
             The game lasted 00:02:13 (1409 turns).

dvd the Covered (Minotaur Fighter)                  Turns: 1409, Time: 00:02:14

Health: -2/33      AC:  7    Str: 20    XL:     3   Next: 55%
Magic:  2/2        EV:  7    Int:  5    God:
Gold:   69         SH:  9    Dex: 10    Spells: 2/2 levels left

rFire    . . .     SeeInvis .   a - +0 war axe
rCold    + . .     Gourm    .   c - +0 shield
rNeg     . . .     Faith    .   b - +0 scale mail
rPois    .         Spirit   .   n - +0 hat
rElec    .         Reflect  .   (no cloak)
rCorr    .         Harm     .   (no gloves)
MR       .....                  (no boots)
Stlth    ..........             (no amulet)
HPRegen  0.11/turn              k - ring of flight
MPRegen  0.08/turn              l - ring of protection from cold

@: no status effects
A: retaliatory headbutt, horns 2
a: Evoke Flight


You were on level 2 of the Dungeon.
You were not hungry.

You visited 1 branch of the dungeon, and saw 2 of its levels.

You collected 69 gold pieces.

Inventory:

Hand Weapons
 a - a +0 war axe (weapon)
Armour
 b - a +0 scale mail (worn)
 c - a +0 shield (worn)
 n - a +0 hat (worn)
Jewellery
 k - a ring of flight (left hand)
 l - a ring of protection from cold (right hand)
Scrolls
 e - 2 scrolls of remove curse {unknown}
 h - 3 scrolls of identify {unknown}
 o - a scroll of enchant weapon {unknown}
Potions
 d - a potion of might
 i - a potion of curing {unknown}
 j - a potion of cancellation {unknown}
 m - a potion of resistance {unknown}
Comestibles
 f - 2 rations
 g - a chunk of flesh


   Skills:
 + Level 4.2 Fighting
 + Level 3.0 Axes
 + Level 4.3 Armour
 + Level 0.1 Stealth
 + Level 4.1 Shields


You had 2 spell levels left.
You didn't know any spells.
Your spell library was empty.

Dungeon Overview and Level Annotations

Branches:
Dungeon (2/15)

Altars:
Gozag


Innate Abilities, Weirdness & Mutations

You reflexively headbutt those who attack you in melee.
You have a pair of horns on your head.


Message History

The gnoll hits you with a cursed -3 halberd!
You closely miss the gnoll. Your headbutt misses the gnoll. You hit the jackal.
You closely miss the gnoll. You block the jackal's attack.
The gnoll hits you but does no damage.
The jackal bites you but does no damage.
The gnoll hits you but does no damage. x2
You hit the gnoll but do no damage. Your headbutt misses the gnoll.
You closely miss the jackal. You closely miss the gnoll.
You block the jackal's attack. The gnoll hits you but does no damage.
The gnoll hits you with a +0 flail. You block the jackal's attack.
The gnoll barely misses you. You furiously retaliate!
You headbutt the gnoll.
Unknown command.
You closely miss the gnoll.
You headbutt the gnoll, but do no damage.
The gnoll is moderately wounded.
You slash the jackal!
You kill the jackal!
You barely miss the gnoll. The gnoll barely misses you.
The gnoll hits you with a +0 flail!
You die...

#.....#######
...........^#......#
......#####.#......#
.......##.#.#......
......g...#.#.....
........h##.# ...
.......#.##.# #.#
.......#.#..###.####
..............g†@g.#
....._.######..g##......
.......# ##..# ...#.
.......# #...# ###
.......# ##..<. .......#
#.#... ......## #.#.###
.....## #.#.# .÷...# #..
.


You could see 3 gnolls.

Vanquished Creatures
  An adder (D:2)
  An ooze (D:1)
  A worm (D:2)
  A dart slug (D:1)
  5 bats
  A giant cockroach (D:1)
  4 goblins
  4 hobgoblins (D:1)
  4 jackals
  2 frilled lizards (D:1)
  2 kobolds (D:1)
  6 rats
32 creatures vanquished.

Notes
Turn   | Place    | Note
-------+----------+-------------------------------------------
     0 | D:1      | dvd the Minotaur Fighter began the quest for the Orb.
     0 | D:1      | Reached XP level 1. HP: 19/19 MP: 0/0
   104 | D:1      | You fall through a shaft!
   109 | D:2      | Found an opulent altar of Gozag.
   114 | D:2      | Reached XP level 2. HP: 27/27 MP: 1/1
   564 | D:1      | Reached XP level 3. HP: 32/33 MP: 2/2
  1409 | D:2      | Slain by a gnoll

Skill      XL: |  1  2  3 |
---------------+----------+-----
Armour         | 4 |  4.3
Fighting       | 4 |  4.2
Shields        | 4 |  4.1
Axes           | 3 |  3.0
Stealth        | |  0.1

Action                   || total
-------------------------++-------
Melee: War axe           ||    84
       Headbutt          ||     6
  Eat: Chunk             ||     2
Armor: Scale mail        ||    57
Dodge: Dodged            ||    28
Block: Shield            ||    59
